 Dungeon Crawl Stone Soup version 0.30-a0-1112-gfb780f5df6 (webtiles) character file.

Game seed: 1717845873622617722

263 cforsyth the Covered (level 5, -1/67 HPs)
             Began as a Demigod Wanderer on Apr 20, 2023.
             Slain by a gnoll
             ... wielding a +0 flail
             ... led by a gnoll bouda
              (5 damage)
             ... on level 4 of the Dungeon.
             The game lasted 00:06:11 (3085 turns).

cforsyth the Covered (Demigod Wanderer)             Turns: 3085, Time: 00:06:11

Health: -1/67      AC: 22    Str: 11 (14) XL:     5   Next: 65%
Magic:  10/10      EV:  2    Int: 16 (18) God:
Gold:   153        SH:  0    Dex: 11 (12) Spells: 6/7 levels left

rFire   . . .      SeeInvis .    v - +6 short sword of Uskayaw's Esteem {holy, rPois Str-4 Int+4}
rCold   . . .      Faith    .    (no shield)
rNeg    . . .      Spirit   .    m - melded +0 chain mail
rPois   +          Reflect  .    p - melded +0 helmet
rElec   .          Rampage  .    o - melded +0 cloak
rCorr   .          NoTele   +    (gloves currently unavailable)
Will    .....                    (boots currently unavailable)
Stlth   +                        (no amulet)
HPRegen 0.31/turn                (no ring)
MPRegen 0.12/turn                (no ring)

@: mighty, tree-form
A: stationary, stasis, torment immunity, boosted hp, high MP 1, forlorn, divine
attributes, (hooves 1), deterioration 1
a: no special abilities


You were on level 4 of the Dungeon.
You were a tree.
You visited 1 branch of the dungeon, and saw 4 of its levels.

You collected 153 gold pieces.

Inventory:

Hand Weapons
 a - a +2 short sword
 v - the +6 short sword of Uskayaw's Esteem (weapon) {holy, rPois Str-4 Int+4}
   (You found it on level 2 of the Dungeon)

   Str:       It affects your strength (-4).
   Int:       It affects your intelligence (+4).
   rPois:     It protects you from poison.
Armour
 m - a +0 chain mail (melded)
 o - a +0 cloak (melded)
 p - a +0 helmet (melded)
Jewellery
 n - an amulet of reflection
Wands
 b - a wand of polymorph (1)
 d - a wand of roots (8)
Scrolls
 c - a scroll of blinking
 f - a scroll of teleportation {unknown}
 h - 2 scrolls of fog {unknown}
 i - 2 scrolls of noise {unknown}
 k - 2 scrolls of amnesia {unknown}
 l - 4 scrolls of identify {unknown}
 q - a scroll of vulnerability {unknown}
 s - a scroll of enchant weapon {unknown}
Potions
 e - a potion of berserk rage {unknown}
 g - a potion of invisibility {unknown}


   Skills:
 + Level 3.6 Fighting
 - Level 1.7 Short Blades
 + Level 4.2 Armour
 - Level 1.7 Spellcasting
 - Level 2.6 Hexes
 - Level 1.0 Evocations


You had 6 spell levels left.
You knew the following spells:

 Your Spells              Type           Power      Damage    Failure   Level
a - Slow                  Hex            40%        N/A       7%          1

Your spell library contained the following spells:

 Spells                   Type           Power      Damage    Failure   Level
 Confusing Touch          Hex            10%        N/A       22%         3
 Lesser Beckoning         Tloc           2%         N/A       32%         2
 Gell's Gravitas          Tloc           1%         N/A       54%         3
 Teleport Other           Tloc           1%         N/A       54%         3


Dungeon Overview and Level Annotations

Branches:
Dungeon (4/15)
 Temple: D:4-7

Annotations:
D:3 2 transporters, PimpSugar's ghost, amateur DjHW


Innate Abilities, Weirdness & Mutations

You are a tree.
Your roots penetrate the ground, keeping you stationary.
You cannot be teleported.
You are immune to unholy pain and torment.
Your maximum health is greatly increased.
Your equipment is partially melded.
You have an increased reservoir of magic. (+10% MP)
You shall have no god before yourself.
Your divine heritage dramatically boosts your attributes as you level up.
((You have large cloven feet.))
Your body sometimes deteriorates upon taking damage.


Message History

You are too injured to fight recklessly!
You are too injured to fight recklessly!
You are too injured to fight recklessly!
You are too injured to fight recklessly!
You are too injured to fight recklessly!
You are too injured to fight recklessly!
You are too injured to fight recklessly!
The gnoll hits you but does no damage.
The gnoll throws a throwing net.
The throwing net hits you.
You become entangled in the net!
You see here a throwing net.
You struggle against the net.
You struggle against the net.
You tear a large gash into the net.
The gnoll hits you with a +0 club. The gnoll hits you with a +0 flail.
You rip the net and break free!
The gnoll is no longer moving quickly.
The gnoll hits you with a +0 club.
* * * LOW HITPOINT WARNING * * *
The gnoll hits you with a +0 flail!
* * * LOW HITPOINT WARNING * * *
The gnoll attacks as you move away! The gnoll barely misses you.
The gnoll attacks as you move away! The gnoll hits you but does no damage.
There is a stone staircase leading up here.
It was a potion of mutation.
You feel extremely strange.
You feel yourself wasting away.
Your feet thicken and deform.
The gnoll is no longer moving quickly.
The gnoll hits you with a +0 club.
* * * LOW HITPOINT WARNING * * *
It was a potion of cancellation.
You feel magically purged.
It was a potion of lignification.
You turn into a tree.
Your +0 cloak melds into your body.
Your +0 helmet melds into your body.
Your +0 chain mail melds into your body.
Your roots penetrate the ground.
The gnoll hits you but does no damage. x2
It was a potion of degeneration.
There was something very wrong with that liquid.
You feel weakened.
You feel dopey.
You feel clumsy.
The gnoll hits you but does no damage. x2
It was a potion of might.
You feel very mighty all of a sudden. The gnoll hits you but does no damage.
The gnoll hits you with a +0 flail.
You die...

### #. #.. ##.#####.#
#.....##.#
####..##.##.####
...............#####
.####...#.##........
.......g♣.##.......#
.#####g####.##.##.#
.........)).....(..####.g
#.#####.####..(........g.
...# #...........)# #####
##.....#######
#.....##### ###.........
##########


You could see 2 gnolls.

Vanquished Creatures
  A howler monkey (D:2)
  A gnoll bouda (D:4)
  Jessica (D:2)
  2 orc wizards (D:3)
  3 gnolls (D:4)
  2 adders
  2 worms (D:2)
  3 dart slugs
  4 orcs (D:3)
  3 ball pythons
  4 endoplasms
  5 giant cockroaches
  5 goblins
  6 hobgoblins
  3 jackals (D:1)
  A quokka (D:1)
  5 bats
  4 frilled lizards
  4 kobolds
  5 rats
64 creatures vanquished.

Notes
Turn   | Place    | Note
-------+----------+-------------------------------------------
     0 | D:1      | cforsyth the Demigod Wanderer began the quest for the Orb.
     0 | D:1      | cforsyth set off with the following items: a +2 short
                  | sword, a wand of polymorph (3), a scroll of blinking, a +0
                  | robe; and the following spell memorised: Slow; and the
                  | following spells available to memorise: Confusing Touch.
     0 | D:1      | Reached XP level 1. HP: 14/14 MP: 5/5
   108 | D:1      | Reached skill level 2 in Armour
   158 | D:1      | Reached skill level 1 in Fighting
   222 | D:1      | Reached XP level 2. HP: 22/23 MP: 7/7
  1008 | D:2      | Noticed Terence
  1046 | D:2      | Terence changed into Terence the dart slug
  1046 | D:2      | Noticed Terence
  1054 | D:2      | Killed Terence the dart slug
  1399 | D:2      | Reached XP level 3. HP: 20/28 MP: 8/8
  1626 | D:2      | Noticed Sigmund
  1628 | D:2      | Sigmund changed into Sigmund the howler monkey
  1628 | D:2      | Noticed Sigmund
  1649 | D:2      | Killed Sigmund the howler monkey
  1650 | D:2      | Reached skill level 3 in Armour
  1650 | D:2      | Reached XP level 4. HP: 34/37 MP: 9/9
  1738 | D:2      | Noticed Jessica
  1746 | D:2      | Killed Jessica
  1796 | D:2      | Identified the +6 short sword of Uskayaw's Esteem {holy,
                  | rPois Str-4 Int+4}
  2149 | D:3      | Found a transporter.
  2152 | D:3      | Noticed PimpSugar's ghost (amateur DjHW)
  2294 | D:3      | Reached XP level 5. HP: 45/45 MP: 10/10
  2624 | D:3      | Found a transporter.
  3050 | D:4      | Reached skill level 4 in Armour
  3081 | D:4      | Gained mutation: Your body sometimes deteriorates upon
                  | taking damage. [potion of mutation]
  3081 | D:4      | Gained mutation: You have large cloven feet. [potion of
                  | mutation]
  3081 | D:4      | HP: 1/45 [gnoll/+0 club[a gnoll bouda] (3)]
  3085 | D:4      | Slain by a gnoll

Illustrated notes

Levels and vault maps discovered:
D:1:      amcnicky_arrival_feature_with_door, layout_basic
D:2:      layout_basic, hangedman_decor_lopped, grunt_decor_junction,
          chequers_hall_statues_corner_a, minmay_diced_spiral, uniq_terence,
          uniq_sigmund, uniq_jessica
D:3:      layout_loops_ring, nicolae_ru_great_annihilating_truth,
          gammafunk_ghost_stat_death
D:4:      layout_loops_ring, dreamdust_divine_triumvirate, kennysheep_mini_moat,
          overflow_temple_1_default, nicolae_figureground_pulse

Skill      XL: |  1  2  3  4  5 |
---------------+----------------+-----
Armour         | 2 3 4 |  4.2
Fighting       | 1 2 3 |  3.6
Short Blades   | |  1.7
Spellcasting   | |  1.7
Hexes          | |  2.6
Evocations     | |  1.0

Action                     |  1- 3 |  4- 6 || total
---------------------------+-------+-------++-------
  Melee: Short sword       |   142 |   161 ||   303
         Punch             |     1 |     1 ||     2
  Evoke: Wand              |     2 |       ||     2
    Use: Potion            |       |     5 ||     5
   Stab: Invisible         |       |     1 ||     1
         Paralysed         |       |     1 ||     1
 Armour: Robe              |    19 |       ||    19
         Chain mail        |    43 |    82 ||   125
         Skin              |       |     5 ||     5
  Dodge: Dodged            |    67 |    46 ||   113

Table legend: (Time is in decaauts)
 A = Elapsed time spent in this place.
 B = Non-inter-level travel time spent in this place.
 C = Inter-level travel time spent in this place.
 D = Time resting spent in this place.
 E = Time spent auto-exploring this place.
 F = Levels seen in this place.
 G = Mean time per level.
                   A        B        C        D        E       F      G
               +--------+--------+--------+--------+--------+-----+--------+
         Total |   3060 |   2934 |    126 |    264 |   2053 |   4 |  765.0 |
       Dungeon |   3060 |   2934 |    126 |    264 |   2053 |   4 |  765.0 |
               +--------+--------+--------+--------+--------+-----+--------+

Top non-repeatable levels by time:
     D:1: 1303 daAuts
     D:3: 853 daAuts
     D:2: 827 daAuts
     D:4: 75 daAuts
